 Seeded DCSS version 0.29.1-15-g9cfb28693d (webtiles) character file.

Game seed: 9845822215292249863 (custom seed)

4934 Psyclone the Thaumaturge (level 10, -19/50 HPs)
             Began as a Deep Elf Conjurer on Sept 24, 2023.
             Was an Initiate of Ashenzari.
             Demolished by a boulder beetle (26 damage)
             ... on level 9 of the Dungeon.
             The game lasted 00:28:57 (10204 turns).

Psyclone the Thaumaturge (Deep Elf Conjurer)       Turns: 10204, Time: 00:28:58

Health: -19/50     AC:  9    Str:  8    XL:     10   Next: 27%
Magic:  27/30      EV: 32    Int: 32    God:    Ashenzari [......]
Gold:   3939       SH:  0    Dex: 17    Spells: 30/37 levels left

rFire   . . .      SeeInvis .   j - staff of conjuration
rCold   . . .      Faith    .   (no shield)
rNeg    . . .      Spirit   .   q - +4 robe of Augmentation {Str+4 Int+4 Dex+4}
rPois   .          Reflect  .   (no helmet)
rElec   .          Harm     .   (no cloak)
rCorr   .          Rampage  .   (no gloves)
Will    ++...                   o - +2 pair of boots
Stlth   ++........              k - amulet of the acrobat
HPRegen 0.16/turn               i - ring of willpower
MPRegen 0.22/turn               y - +4 ring of evasion

@: acrobatic
A: no striking features
a: Renounce Religion, Curse Item


You were on level 9 of the Dungeon.
You worshipped Ashenzari.
Ashenzari was noncommittal.
You visited 2 branches of the dungeon, and saw 10 of its levels.

You collected 3939 gold pieces.

Inventory:

Hand Weapons
 e - a +1 dagger
 v - a +5 dagger of venom
Armour
 a - a +0 robe
 f - a +0 buckler of fire resistance
 o - a +2 pair of boots (worn)
 q - the +4 robe of Augmentation (worn) {Str+4 Int+4 Dex+4}
   (You found it on level 3 of the Dungeon)

   Str:       It affects your strength (+4).
   Int:       It affects your intelligence (+4).
   Dex:       It affects your dexterity (+4).
Magical Staves
 j - a staff of conjuration (weapon)
Jewellery
 i - a ring of willpower (left hand)
 k - an amulet of the acrobat (around neck)
 y - a +4 ring of evasion (right hand)
 F - a ring of fire
Wands
 s - a wand of flame (9)
 t - a wand of mindburst (8)
 x - a wand of polymorph (11)
 z - a wand of light (4)
Scrolls
 c - 5 scrolls of teleportation
 d - 4 scrolls of identify {@r1}
 h - 3 scrolls of butterflies
 m - a scroll of enchant weapon
 n - a scroll of poison
 u - 5 scrolls of amnesia
 w - a scroll of fear
 A - a scroll of magic mapping
 B - 2 scrolls of enchant armour
 D - a scroll of blinking
Potions
 b - a potion of magic
 g - a potion of lignification
 l - a potion of brilliance
 p - a potion of heal wounds
 r - 5 potions of curing
 C - a potion of haste
 E - a potion of resistance


   Skills:
 - Level 2.4 Dodging
 - Level 2.4 Stealth
 + Level 14.1 Spellcasting
 + Level 12.5 Conjurations


You had 30 spell levels left.
You knew the following spells:

 Your Spells              Type           Power      Damage    Failure   Level
a - Magic Dart            Conj           100%       1d8       0%          1
b - Searing Ray           Conj           100%       2d8       1%          2
d - Fulminant Prism       Conj/Hex       38%        3d18      1%          4

Your spell library contained the following spells:

 Spells                   Type           Power      Damage    Failure   Level
 Dazzling Flash           Conj/Hex       100%       N/A       1%          3
 Mephitic Cloud           Conj/Pois/Air  65%        N/A       1%          3
 Flame Wave               Conj/Fire      76%        2d17      1%          4
 Iskenderun's Mystic Bla  Conj/Tloc      76%        2d15      1%          4
 Call Imp                 Summ           22%        N/A       3%          2
 Poisonous Vapours        Pois/Air       44%        N/A       3%          2
 Scorch                   Fire           44%        2d7       3%          2
 Gell's Gravitas          Tloc           22%        N/A       6%          3
 Lesser Beckoning         Tloc           22%        N/A       6%          3
 Teleport Other           Tloc           22%        N/A       6%          3
 Corpse Rot               Necr/Pois/Air  22%        N/A       21%         4
 Summon Cactus Giant      Summ           11%        N/A       97%         6


Dungeon Overview and Level Annotations

Branches:
Dungeon (9/15) Zot: 26692  Temple (1/1) D:4 Zot: 5785
   Lair: D:8-11         Orc: D:9-12

Altars:
Ashenzari
Cheibriados
Dithmenos
Elyvilon
Fedhas
Gozag
Hepliaklqana
Kikubaaqudgha
Makhleb
Nemelex Xobeh
Okawaru
Qazlal
Ru
Sif Muna
Trog
Uskayaw
Wu Jian
Xom
Yredelemnul
Zin
The Shining One

Annotations:
D:7 3 runed translucent doors, croobank's ghost, novice GnIE


Message History

Confirm with . or Enter, or press ? or * to list all spells.
Aiming: Searing Ray (safe; 1% risk of failure)
Press: ? - help, Shift-Dir - straight line, f - boulder beetle
Aim: a boulder beetle (severely wounded, 100% to hit)
You feel a surge of power!
The searing ray hits the boulder beetle but does no damage.
The boulder beetle is severely wounded. (Press . to maintain the ray.)
The boulder beetle bites you.
* * * LOW HITPOINT WARNING * * *
You take 4 damage, and have 11/50 hp.
You now have 2/30 mp.
The searing ray hits the boulder beetle!
The boulder beetle is almost dead.
The boulder beetle completely misses you.
You now have 1/30 mp.
The searing ray hits the boulder beetle but does no damage.
The boulder beetle is almost dead.
The boulder beetle completely misses you.
You now have 0/30 mp.
Magic courses through your body. The boulder beetle bites you.
* * * LOW HITPOINT WARNING * * *
Your magical contamination has completely faded away.
You take 5 damage, and have 7/50 hp.
You regained 29 mp, and now have 29/30 mp.
Casting: Searing Ray (safe; 1% risk of failure)
Confirm with . or Enter, or press ? or * to list all spells.
Aiming: Searing Ray (safe; 1% risk of failure)
Press: ? - help, Shift-Dir - straight line, f/p - boulder beetle
Aim: a boulder beetle (severely wounded, 100% to hit)
You feel a surge of power!
The searing ray hits the boulder beetle.
The boulder beetle is almost dead. (Press . to maintain the ray.)
The boulder beetle closely misses you.
You now have 28/30 mp.
The searing ray hits the boulder beetle.
The boulder beetle is almost dead.
The boulder beetle bites you!!
Ouch! That really hurt!
You die...

#......)...#
#....)..###
#..........#
#○....)....
#..........#
#B....)....
#..........#
#..........
#..........#
#.*###.....
#..........# #..#
#..... #..........#
#..# #.....
#..........# #..#
.....
#.......@B.####..#
....
........###.......#
.........#
#.......#
.....##..#
#.......# ... #..
#.####..#
........##..# #.#
#..# ........##..#
#.# #..#
........##..# #.#
#..# ......<.##..#
#.# #..#


You could see a boulder beetle.

Vanquished Creatures
  Pikel (D:4)
  Grinder (D:6)
  6 yaks (D:9)
  Eustachio (D:4)
  3 steam dragons (D:8)
  Menkaure (D:4)
  A water moccasin (D:7)
  An ice beast (D:5)
  A black bear (D:5)
  A sky beast (D:7)
  3 ogres
  A centaur (D:7)
  6 kobold brigands
  2 lemures (D:4)
  A necrophage (D:5)
  2 bullfrogs (D:8)
  2 scorpions
  7 wights
  2 jellies
  5 howler monkeys
  3 hounds
  2 gnoll boudas
  3 orc priests
  2 iguanas
  Natasha (thrice) (D:3)
  3 orc wizards
  7 adders
  14 gnolls
  A shadow imp (D:7)
  2 ufetubi (D:5)
  2 worms
  2 dart slugs (D:1)
  29 orcs
  8 endoplasms
  3 giant cockroaches
  3 goblins
  4 hobgoblins
  4 jackals (D:5)
  7 quokkas
  7 ball pythons
  9 bats
  4 frilled lizards
  37 kobolds
  5 rats
212 creatures vanquished.

Vanquished Creatures (others)
  39 fulminant prisms
  2 plants (D:6)
41 creatures vanquished.

Grand Total: 253 creatures vanquished

Notes
Turn   | Place    | Note
-------+----------+-------------------------------------------
     0 | D:1      | Psyclone the Deep Elf Conjurer began the quest for the Orb.
     0 | D:1      | Reached XP level 1. HP: 10/10 MP: 6/6
    54 | D:1      | Reached XP level 2. HP: 15/15 MP: 1/8
   499 | D:1      | Reached skill level 4 in Spellcasting
   654 | D:1      | Reached skill level 5 in Conjurations
   654 | D:1      | Reached XP level 3. HP: 19/19 MP: 8/10
   939 | D:1      | Identified 3 scrolls of acquirement
   939 | D:1      | Acquired 775 gold pieces
   940 | D:1      | Acquired 939 gold pieces
  1020 | D:2      | Found a faded altar of an unknown god.
  1374 | D:2      | Reached XP level 4. HP: 24/24 MP: 7/12
  1612 | D:2      | Learned a level 2 spell: Searing Ray
  1924 | D:2      | Acquired 979 gold pieces
  2253 | D:3      | Reached skill level 5 in Spellcasting
  2885 | D:3      | Noticed Natasha
  2889 | D:3      | Killed Natasha
  2890 | D:3      | Reached XP level 5. HP: 28/28 MP: 9/15
  2998 | D:3      | Found the +4 robe of Augmentation {Str+4 Int+4 Dex+4}
  3106 | D:3      | Noticed Natasha
  3111 | D:3      | Killed Natasha
  3304 | D:3      | Noticed Natasha
  3313 | D:3      | Killed Natasha
  3594 | D:4      | Reached skill level 6 in Spellcasting
  3683 | D:4      | Reached XP level 6. HP: 20/32 MP: 3/17
  3688 | D:4      | Learned a level 4 spell: Fulminant Prism
  3982 | D:4      | Noticed Eustachio
  3989 | D:4      | Killed Eustachio
  3990 | D:4      | Reached skill level 7 in Spellcasting
  4225 | D:4      | Noticed Pikel
  4238 | D:4      | Noticed Menkaure
  4247 | D:4      | Killed Pikel
  4248 | D:4      | Reached skill level 8 in Spellcasting
  4248 | D:4      | Reached XP level 7. HP: 36/36 MP: 1/21
  4403 | D:4      | Killed Menkaure
  4404 | D:4      | Reached skill level 9 in Spellcasting
  4559 | D:4      | Found a staircase to the Ecumenical Temple.
  4568 | Temple   | Entered the Ecumenical Temple
  4769 | Temple   | Became a worshipper of Ashenzari the Shackled
  4905 | D:4      | Reached XP level 8. HP: 41/41 MP: 17/23
  5220 | D:5      | Entered Level 5 of the Dungeon
  5437 | D:5      | Reached skill level 10 in Spellcasting
  6312 | D:5      | Found an ancient bone altar of Kikubaaqudgha.
  7043 | D:6      | Noticed Grinder
  7050 | D:6      | Killed Grinder
  7051 | D:6      | Reached skill level 11 in Spellcasting
  7051 | D:6      | Reached skill level 10 in Conjurations
  7100 | D:6      | Reached XP level 9. HP: 45/45 MP: 21/26
  7250 | D:6      | Acquired 800 gold pieces
  7906 | D:7      | Reached skill level 12 in Spellcasting
  8048 | D:7      | Found a runed translucent gate.
  8059 | D:7      | Found a runed translucent gate.
  8059 | D:7      | Found an opulent altar of Gozag.
  8060 | D:7      | Found a runed translucent gate.
  8061 | D:7      | Noticed croobank's ghost (novice GnIE)
  8907 | D:8      | Reached skill level 13 in Spellcasting
  9214 | D:8      | Found a white marble altar of Elyvilon.
  9221 | D:8      | Found a shadowy altar of Dithmenos.
  9221 | D:8      | Found an ornate altar of the Wu Jian Council.
  9226 | D:8      | Found a blossoming altar of Fedhas.
  9722 | D:8      | Reached XP level 10. HP: 36/50 MP: 19/29
 10041 | D:9      | Noticed a boulder beetle
 10053 | D:9      | Reached skill level 14 in Spellcasting
 10204 | D:9      | Demolished by a boulder beetle

Illustrated notes

Levels and vault maps discovered:
D:1:      giann_bridges, layout_basic
D:2:      layout_loops_cross, ebering_ecumenical_altar_hall
D:3:      layout_basic, uniq_natasha
D:4:      layout_loops_ring, lemuel_temple_firewalk_a, uniq_pikel,
          uniq_eustachio, uniq_menkaure
D:5:      layout_cave_pods, kennysheep_mini_moat
D:6:      layout_basic, serial_bayou_crossing, uniq_grinder
D:7:      layout_cave_pools, ebering_ghost_gozag, grunt_ministairs_3
D:8:      layout_basic, minitemple
D:9:      layout_long_grid
Temple:   eino_temple_scatter_basement

Skill      XL: |  1  2  3  4  5  6  7  8  9 10 |
---------------+-------------------------------+-----
Spellcasting   | 4 5 6 8 9 11 13 14 | 14.1
Conjurations   | 5 6 8 10 12 | 12.5
Dodging        | |  2.4
Stealth        | |  2.4

Action                   |  1- 3 |  4- 6 |  7- 9 | 10-12 || total
-------------------------+-------+-------+-------+-------++-------
Melee: Staff             |       |     9 |       |       ||     9
 Cast: Magic Dart        |    61 |    90 |    99 |    12 ||   262
       Searing Ray       |       |    11 |    38 |     7 ||    56
       Fulminant Prism   |       |     6 |    22 |    11 ||    39
Evoke: Wand              |       |       |     2 |       ||     2
  Use: Scroll            |     3 |     7 |     5 |     3 ||    18
       Potion            |     2 |     5 |     1 |     2 ||    10
Armor: Robe              |       |    12 |    16 |     1 ||    29
Dodge: Dodged            |     5 |    28 |    70 |    41 ||   144
